 Dungeon Crawl Stone Soup version 0.31-a0-1343-gcd514f47d3 (webtiles) character file.

Game seed: 1564831166746259113

101 James the Placeless Gnoll (level 4, -5/41 HPs)
             Began as a Gnoll Wanderer on Dec 22, 2023.
             Slain by a gnoll
             ... wielding a +0 halberd
              (12 damage)
             ... on level 2 of the Dungeon.
             The game lasted 00:04:36 (1556 turns).

James the Placeless Gnoll (Gnoll Wanderer)          Turns: 1556, Time: 00:04:36

Health: -5/41      AC:  3    Str: 14    XL:     4   Next: 75%
Magic:  8/8        EV: 11    Int: 12    God:
Gold:   63         SH:  0    Dex: 10    Spells: 6/9 levels left

rFire   . . .        b - +0 spear (freeze)
rCold   . . .        (no shield)
rNeg    . . .        h - +0 leather armour
rPois   .            (helmet currently unavailable)
rElec   .            (cloak currently unavailable)
rCorr   +            (gloves currently unavailable)
SInv    .            (boots currently unavailable)
Will    .....        (no amulet)
Stlth   +            l - ring of resist corrosion
HPRegen 0.26/turn    (no ring)
MPRegen 0.11/turn

%: no passive effects
@: beast-form
A: beast (slay +0), fangs 1, strong nose, distributed training
a: Begin Untransformation


You were on level 2 of the Dungeon.
You were a hulking beast.
You visited 1 branch of the dungeon, and saw 2 of its levels.

You collected 63 gold pieces.

Inventory:

Hand Weapons
 a - a +1 spear
 b - a +0 spear of freezing (weapon)
   (You found it on level 1 of the Dungeon)
 f - a +0 sling
   (You found it on level 1 of the Dungeon)
Missiles
 e - 9 stones
Armour
 c - a +0 robe
 d - a +0 robe
   (You found it on level 1 of the Dungeon)
 h - a +0 leather armour (worn)
   (You found it on level 1 of the Dungeon)
 p - a +0 leather armour
   (You found it on level 2 of the Dungeon)
 q - a +0 robe
   (You found it on level 2 of the Dungeon)
Jewellery
 l - a ring of resist corrosion (left hand)
   (You found it on level 2 of the Dungeon)
 m - an amulet of faith {!P}
   (You found it on level 2 of the Dungeon)
Talismans
 k - a beast talisman (active)
   (You found it on level 1 of the Dungeon)
Scrolls
 g - a scroll of butterflies {unknown}
 i - a scroll of teleportation {unknown}
 o - a scroll of enchant armour {unknown}
 r - a scroll of immolation {unknown}
Potions
 j - a potion of lignification {!q}
 n - 2 potions of berserk rage {unknown}


   Skills:
 + Level 6.6 Fighting
 + Level 1.2 Short Blades
 + Level 1.2 Long Blades
 + Level 1.2 Axes
 + Level 1.2 Maces & Flails
 + Level 2.8 Polearms
 + Level 1.2 Staves
 + Level 1.2 Ranged Weapons
 + Level 1.2 Throwing
 + Level 1.2 Armour
 + Level 1.2 Dodging
 + Level 1.2 Stealth
 + Level 1.2 Shields
 + Level 1.2 Unarmed Combat
 + Level 3.0 Spellcasting
 + Level 1.0 Conjurations
 + Level 1.0 Hexes
 + Level 1.0 Summonings
 + Level 1.0 Necromancy
 + Level 8.8 Translocations
 + Level 1.0 Fire Magic
 + Level 1.0 Ice Magic
 + Level 1.0 Air Magic
 + Level 1.0 Earth Magic
 + Level 1.0 Alchemy
 + Level 1.4 Invocations
 + Level 1.2 Evocations
 + Level 1.1 Shapeshifting


You had 6 spell levels left.
You knew the following spells:

 Your Spells              Type           Power      Damage    Failure   Level
b - Blink                 Tloc           46%        N/A       1%          2
c - Apportation           Tloc           46%        N/A       1%          1

Your spell library contained the following spells:

 Spells                   Type           Power      Damage    Failure   Level
 Teleport Other           Tloc           23%        N/A       2%          3
 Passage of Golubria      Tloc           23%        N/A       8%          4
 Magic Dart               Conj           16%        1d3       21%         1
 Call Imp                 Summ           8%         N/A       30%         2


Dungeon Overview and Level Annotations

Branches:
Dungeon (2/15)

Altars:


Innate Abilities, Weirdness & Mutations

You are a hulking beast.
Your limbs bulge with bestial killing power. (Slay +0)
You have very sharp teeth.
Your uncanny sense of smell can sniff out nearby items.
Your experience applies equally to all skills.


Message History

You reach to attack!
You puncture the ball python! You freeze the ball python.
You kill the ball python!
You feel sick.
No target in view!
No target in view!
You feel sick.
You feel sick.
You are no longer poisoned.
q - a +0 robe You see here a ball python corpse.
Found a scroll labelled JOUM XILEACSIA.
r - a scroll labelled JOUM XILEACSIA 2 gnolls come into view.
Found a scale mail.
The gnoll shouts!
A gnoll comes into view. It is wielding a +0 spear.
You reach to attack!
You barely miss the gnoll.
The gnoll shouts!
You reach to attack!
You hit the gnoll but do no damage. The gnoll closely misses you.
You reach to attack!
You hit the gnoll. You freeze the gnoll.
The gnoll hits you from afar with a +0 spear.
You reach to attack!
You hit the gnoll. You freeze the gnoll.
The gnoll hits you from afar with a +0 spear.
You reach to attack!
You hit the gnoll. You freeze the gnoll.
You kill the gnoll!
You reach to attack!
You barely miss the gnoll. You hit the gnoll. You freeze the gnoll.
The gnoll hits you with a +0 whip. The gnoll closely misses you.
You hit the gnoll. You freeze the gnoll. The gnoll barely misses you.
The gnoll hits you from afar with a +0 halberd!
You hit the gnoll. You freeze the gnoll.
You kill the gnoll!
You reach to attack!
You barely miss the gnoll.
The gnoll hits you from afar with a +0 halberd!
* * * LOW HITPOINT WARNING * * *
You are too injured to fight recklessly!
You are too injured to fight recklessly!
The gnoll attacks as it pursues you! The gnoll misses you.
The gnoll hits you from afar with a +0 halberd!
* * * LOW HITPOINT WARNING * * *
The gnoll attacks as it pursues you! The gnoll barely misses you.
The gnoll attacks as it pursues you!
The gnoll hits you from afar with a +0 halberd!
* * * LOW HITPOINT WARNING * * *
The gnoll attacks as it pursues you! The gnoll barely misses you.
The gnoll attacks as it pursues you! The gnoll barely misses you.
The gnoll attacks as it pursues you!
The gnoll hits you from afar with a +0 halberd!
You die...

# #.# ##........#..#.....#. [###
#.# #....#######.###.#.#.
).####.#####....# #...#.#...
#g#.............# ##.###.###.
#.#.##.######..รท######..........
#...##.##..............#........
#..###..).###..g....####........
##..###.#### #...###...##........
.....)..# #..h# ###.##........
#...###.# ###.# #.###.......
....# #.# #.# #...##.....#
.#..###.# #<# ###..#######
##...##.# #.# ##..# #.#.##.#
######.##### ##.##
##.#..#.###..........## #..###
........##............## ##...#
...).#.................# ###.#


You could see a gnoll.

Vanquished Creatures
  5 gnolls (D:2)
  3 adders (D:2)
  A worm (D:2)
  4 bats
  An endoplasm (D:1)
  A giant cockroach (D:1)
  A goblin (D:1)
  A hobgoblin (D:1)
  7 ball pythons
  A frilled lizard (D:1)
  A kobold (D:1)
  2 rats
28 creatures vanquished.

Notes
Turn   | Place    | Note
-------+----------+-------------------------------------------
     0 | D:1      | James the Gnoll Wanderer began the quest for the Orb.
     0 | D:1      | James set off with the following items: a +1 spear, a
                  | potion of lignification {!q}, a +0 robe; and the following
                  | spell memorised: Apportation; and the following spells
                  | available to memorise: Teleport Other, Passage of Golubria.
     0 | D:1      | Reached XP level 1. HP: 23/23 MP: 4/4
   282 | D:1      | Reached XP level 2. HP: 24/29 MP: 5/5
   982 | D:2      | Reached XP level 3. HP: 10/35 MP: 7/7
  1121 | D:2      | Reached skill level 1 in Invocations
  1127 | D:2      | Reached skill level 1 in Short Blades
  1127 | D:2      | Reached skill level 1 in Long Blades
  1127 | D:2      | Reached skill level 1 in Axes
  1127 | D:2      | Reached skill level 1 in Maces & Flails
  1127 | D:2      | Reached skill level 1 in Staves
  1127 | D:2      | Reached skill level 1 in Ranged Weapons
  1127 | D:2      | Reached skill level 1 in Throwing
  1127 | D:2      | Reached skill level 1 in Armour
  1127 | D:2      | Reached skill level 1 in Dodging
  1127 | D:2      | Reached skill level 1 in Stealth
  1127 | D:2      | Reached skill level 1 in Shields
  1127 | D:2      | Reached skill level 1 in Unarmed Combat
  1127 | D:2      | Reached skill level 1 in Evocations
  1131 | D:2      | Reached skill level 1 in Shapeshifting
  1131 | D:2      | Reached XP level 4. HP: 30/41 MP: 8/8
  1384 | D:2      | Learned a level 2 spell: Blink
  1433 | D:2      | Reached skill level 1 in Conjurations
  1433 | D:2      | Reached skill level 1 in Hexes
  1433 | D:2      | Reached skill level 1 in Summonings
  1433 | D:2      | Reached skill level 1 in Necromancy
  1433 | D:2      | Reached skill level 1 in Fire Magic
  1433 | D:2      | Reached skill level 1 in Ice Magic
  1433 | D:2      | Reached skill level 1 in Air Magic
  1433 | D:2      | Reached skill level 1 in Earth Magic
  1433 | D:2      | Reached skill level 1 in Alchemy
  1556 | D:2      | Slain by a gnoll

Illustrated notes

Levels and vault maps discovered:
D:1:      dpeg_arrival_arbitrary_c, layout_loops_ring
D:2:      layout_rooms, hangedman_abyss_or_decor_lesser_grid,
          minmay_misc_feat_roman

Skill      XL: |  1  2  3  4 |
---------------+-------------+-----
Invocations    | 1 |  1.4
Short Blades   | 1 |  1.2
Long Blades    | 1 |  1.2
Axes           | 1 |  1.2
Maces & Flails | 1 |  1.2
Staves         | 1 |  1.2
Ranged Weapons | 1 |  1.2
Throwing       | 1 |  1.2
Armour         | 1 |  1.2
Dodging        | 1 |  1.2
Stealth        | 1 |  1.2
Shields        | 1 |  1.2
Unarmed Combat | 1 |  1.2
Evocations     | 1 |  1.2
Shapeshifting  | 1 |  1.1
Spellcasting   | 3 |  3.0
Conjurations   | 1 |  1.0
Hexes          | 1 |  1.0
Summonings     | 1 |  1.0
Necromancy     | 1 |  1.0
Fire Magic     | 1 |  1.0
Ice Magic      | 1 |  1.0
Air Magic      | 1 |  1.0
Earth Magic    | 1 |  1.0
Alchemy        | 1 |  1.0
Fighting       | |  6.6
Polearms       | |  2.8
Translocations | |  8.8

Action                     |  1- 3 |  4- 6 || total
---------------------------+-------+-------++-------
  Melee: Spear             |    77 |    24 ||   101
         Bite              |     5 |     1 ||     6
         Punch             |     1 |       ||     1
   Stab: Sleeping          |     1 |     2 ||     3
 Armour: Robe              |    39 |     1 ||    40
         Leather armour    |       |    10 ||    10
  Dodge: Dodged            |    41 |    16 ||    57
   Form: Beast             |       |     1 ||     1

Table legend: (Time is in decaauts)
 A = Elapsed time spent in this place.
 B = Non-inter-level travel time spent in this place.
 C = Inter-level travel time spent in this place.
 D = Time resting spent in this place.
 E = Time spent auto-exploring this place.
 F = Levels seen in this place.
 G = Mean time per level.
                   A        B        C        D        E       F      G
               +--------+--------+--------+--------+--------+-----+--------+
         Total |   1552 |   1424 |    128 |    190 |    944 |   2 |  776.0 |
       Dungeon |   1552 |   1424 |    128 |    190 |    944 |   2 |  776.0 |
               +--------+--------+--------+--------+--------+-----+--------+

Top non-repeatable levels by time:
     D:1: 873 daAuts
     D:2: 679 daAuts
